 Dungeon Crawl Stone Soup version 0.25-a0-860-gf695395b5c (webtiles) character file.

Game seed: 16469490651437688553, levelgen mode: classic

347 EnegeticOcto the Chopper (level 6, -4/58 HPs)
             Began as a Deep Dwarf Fighter on Apr 28, 2020.
             Slain by Menkaure (17 damage)
             ... on level 6 of the Dungeon.
             The game lasted 00:00:38 (1024 turns).

EnegeticOcto the Chopper (Deep Dwarf Fighter)       Turns: 1024, Time: 00:00:39

Health: -4/58      AC:  6    Str: 22    XL:     6   Next: 32%
Magic:  2/2        EV:  7    Int:  8    God:
Gold:   137        SH:  8    Dex: 12    Spells: 5/5 levels left

rFire    . . .     SeeInvis .   a - +0 war axe
rCold    . . .     Gourm    .   c - +0 kite shield
rNeg     . . .     Faith    .   b - +0 scale mail
rPois    .         Spirit   .   (no helmet)
rElec    .         Reflect  .   (no cloak)
rCorr    .         Harm     .   (no gloves)
MR       .....                  (no boots)
Stlth    ..........             (no amulet)
HPRegen  0.00/turn              (no ring)
MPRegen  0.08/turn              (no ring)

@: non-regenerating, very heavily drained
A: damage resistance, heal wounds, sense surroundings 1, no regeneration
a: Heal Wounds


You were on level 6 of the Dungeon.
You were not hungry.

You visited 1 branch of the dungeon, and saw 5 of its levels.

You collected 137 gold pieces.

Inventory:

Hand Weapons
 a - a +0 war axe (weapon)
Armour
 b - a +0 scale mail (worn)
 c - a +0 kite shield (worn)
Jewellery
 l - a +1 ring of evasion {unknown}
Scrolls
 f - 2 scrolls of magic mapping {unknown}
 h - 2 scrolls of teleportation {unknown}
 i - 3 scrolls of identify {unknown}
 n - a scroll of fog {unknown}
 q - a scroll of amnesia {unknown}
 r - a scroll of blinking {unknown}
Potions
 g - a potion of magic {unknown}
 j - a potion of ambrosia {unknown}
 k - a potion of might {@q3}
 m - a potion of curing {unknown}
 o - a potion of flight {unknown}
 p - a potion of invisibility {unknown}
Comestibles
 d - 12 chunks of flesh
 e - 4 rations


   Skills:
 * Level 4.3(1.4) Fighting
 * Level 4.5(1.6) Axes
 + Level 4.3(1.4) Armour
 + Level 4.3(1.4) Shields


You had 5 spell levels left.
You didn't know any spells.
Your spell library was empty.

Dungeon Overview and Level Annotations

Branches:
Dungeon (4/15)
 Temple: D:4-7

Altars:
Yredelemnul

Annotations:
D:4 Edmund
D:6 Menkaure


Innate Abilities, Weirdness & Mutations

You are resistant to damage.
You can heal yourself by infusing magical energy.
You passively map a small area around you.
You do not regenerate.


Message History

You see here an iguana skeleton. x2
You see here a wand of random effects (19).
e - 4 rations (gained 1)
There is a stone staircase leading up here.
You now have 128 gold pieces (gained 17).
h - 2 scrolls labeled RUFAAL XUYKK (gained 1)
You now have 137 gold pieces (gained 9).
Edmund the Younger comes into view.
He is wielding a +1 dire flail of protection.
Edmund shouts!
Edmund moves out of view.
No target in view!
Edmund is too close now for your liking.
Edmund is nearby!
Edmund is nearby!
Edmund asks, "Have you met my wondrous brother?"
Found a chain mail.
You fall into a shaft and drop 2 floors!
The shaft crumbles and collapses.
Menkaure, Prince of Dust comes into view.
Menkaure shouts!
Something shouts, "Flee, thou canting half-faced bootlicker!"
Found 18 arrows, a scroll labeled HAKHLI XADIJ and an ivory wand. 5 wights come into view.
Your magical essence is drained by the effort!
You feel much better.
A shadow imp comes into view.
The wight hits you but does no damage.
You hit Menkaure.
Menkaure is lightly damaged.
You hit the wight. You barely miss the wight. You slash the wight!
Menkaure hits you! The wight closely misses you.
The wight hits you with a cursed +0 great sword!
You feel drained.
The wight hits you with a cursed +0 dire flail.
You feel drained.
Your shield and scale mail prevent you from hitting the wight.
The wight is severely damaged.
Your shield and scale mail prevent you from hitting the wight.
You barely miss Menkaure. You barely miss the wight. You hit the wight.
You closely miss the wight. You block Menkaure's attack.
You block the wight's attack. The wight hits you with a +4 scimitar.
You feel drained. The wight barely misses you. x2
You block the wight's attack.
Menkaure gestures at you while chanting.
Pain shoots through your body! The wight hits you with a +0 dagger.
You feel drained.
You hit the wight.
The wight is severely damaged.
You closely miss the wight. You barely miss the wight. You hit the wight.
You barely miss Menkaure. You hit the wight but do no damage.
The wight hits you with a +4 scimitar. You block the wight's attack.
The wight hits you but does no damage.
The wight hits you with a cursed +0 great sword.
You feel drained. The wight hits you but does no damage.
The shadow imp gestures at you. Pain shoots through your body!
Menkaure barely misses you.
The wight hits you with a cursed +0 dire flail!
* * * LOW HITPOINT WARNING * * *
You feel drained.
* * * LOW HITPOINT WARNING * * *
The wight hits you with a +4 scimitar.
You feel drained.
You are too injured to fight recklessly!
You are too injured to fight recklessly!
You are too injured to fight recklessly!
You are too injured to fight recklessly!
You are too injured to fight recklessly!
You are too injured to fight recklessly!
You are too injured to fight recklessly!
You are too injured to fight recklessly!
You are too injured to fight recklessly!
You are too injured to fight recklessly!
You are too injured to fight recklessly!
You are too injured to fight recklessly!
You are too injured to fight recklessly!
You are too injured to fight recklessly!
You are too injured to fight recklessly!
Your magical essence is drained by the effort!
You feel much better. The wight completely misses you.
You block the wight's attack. The wight hits you but does no damage.
Menkaure barely misses you.
Your magical essence is drained by the effort!
You feel much better.
The wight hits you with a cursed +0 dire flail.
You feel drained. The wight hits you with a +4 scimitar.
You feel drained. The wight hits you but does no damage.
You block the wight's attack. x2
Your shield prevents you from hitting the wight.
The wight is severely damaged.
You closely miss the wight. You hit the wight but do no damage.
You closely miss the wight. You hit the wight.
You hit Menkaure but do no damage. The wight barely misses you.
Menkaure hits you!! The wight barely misses you. You block the wight's attack.
The wight hits you with a +0 great sword.
The wight hits you with a cursed +0 great sword.
The wight hits you with a cursed +0 dire flail!
You feel drained. The shadow imp gestures at you.
Pain shoots through your body!
* * * LOW HITPOINT WARNING * * *
Menkaure hits you!!
You die...

###########
#.....?....
#..........
#.zzz......
#.M@z......
#.z.5......
#..........
#..........
#..........
*
#........./
#..........
#..........
*


You could see Menkaure, 5 wights and a shadow imp.

Vanquished Creatures
  Sigmund (D:4)
  A hound (D:4)
  Jessica (D:2)
  2 iguanas (D:4)
  A worker ant (D:4)
  2 adders (D:2)
  3 oozes
  A worm (D:2)
  A dart slug (D:1)
  2 leopard geckos
  An orc (D:4)
  5 goblins
  4 hobgoblins
  3 jackals (D:2)
  A quokka (D:4)
  4 bats
  A frilled lizard (D:2)
  2 kobolds
  4 rats
40 creatures vanquished.

Notes
Turn   | Place    | Note
-------+----------+-------------------------------------------
     0 | D:1      | EnegeticOcto the Deep Dwarf Fighter began the quest for the
                  | Orb.
     0 | D:1      | Reached XP level 1. HP: 20/20 MP: 1/1
   161 | D:1      | Reached XP level 2. HP: 24/27 MP: 2/2
   363 | D:2      | Reached XP level 3. HP: 26/34 MP: 3/3
   558 | D:2      | Noticed Jessica
   564 | D:2      | Killed Jessica
   564 | D:2      | Reached XP level 4. HP: 30/42 MP: 4/4
   640 | D:3      | Found a basalt altar of Yredelemnul.
   878 | D:4      | Reached XP level 5. HP: 33/50 MP: 4/4
   916 | D:4      | Noticed Sigmund
   926 | D:4      | Killed Sigmund
   926 | D:4      | Reached XP level 6. HP: 29/57 MP: 5/5
  1014 | D:4      | Noticed Edmund
  1017 | D:4      | You fall into a shaft and drop 2 floors!
  1017 | D:6      | Noticed Menkaure
  1024 | D:6      | Slain by Menkaure

Levels and vault maps discovered:
D:1:      saegor_arrival_simple_d, layout_basic
D:2:      layout_basic, first_ration, uniq_jessica
D:3:      layout_basic, lemuel_crystal_altar
D:4:      cheibrodos_quashed, layout_basic, uniq_blork_the_orc, uniq_edmund,
          uniq_sigmund
D:6:      black_bear_nest_2, layout_basic, uniq_menkaure, uniq_prince_ribbit1

Skill      XL: |  1  2  3  4  5 |
---------------+----------------+-----
Fighting       | 3 4 |  4.3
Axes           | 3 4 |  4.5
Armour         | 4 |  4.3
Shields        | 4 |  4.3

Action                   |  1- 3 |  4- 6 || total
-------------------------+-------+-------++-------
Melee: War axe           |    72 |    70 ||   142
 Abil: Heal Wounds       |     1 |     7 ||     8
  Eat: Chunk             |       |     1 ||     1
Armor: Scale mail        |    33 |    25 ||    58
Dodge: Dodged            |    23 |    32 ||    55
Block: Kite shield       |    41 |    48 ||    89

Table legend:
 A = Non-vault XP
 B = Vault XP
 C = Vault XP percentage of total XP
 D = Non-vault monster count
 E = Vault monster count
 F = Vault count percentage of total count
                 A         B        C        D         E       F
            +---------+---------+-------+---------+---------+-------
      Total |     251 |     245 |  49.4 |      38 |       2 |   5.0
            +---------+---------+-------+---------+---------+-------
        D:1 |      22 |       0 |   0.0 |       9 |       0 |   0.0
        D:2 |      60 |      37 |  38.1 |      17 |       1 |   5.6
        D:3 |      18 |       0 |   0.0 |       6 |       0 |   0.0
        D:4 |     151 |     208 |  57.9 |       6 |       1 |  14.3
            +---------+---------+-------+---------+---------+-------
